 Dungeon Crawl Stone Soup version 0.27-a0-406-g23f261fbd2 (webtiles) character file.

Game seed: 11462941721304590324

120 Mgcat the Skirmisher (level 4, -6/37 HPs)
             Began as a Mummy Fighter on Feb 22, 2021.
             Mangled by Natasha (8 damage)
             ... on level 1 of the Dungeon.
             The game lasted 00:03:50 (2368 turns).

Mgcat the Skirmisher (Mummy Fighter)                Turns: 2368, Time: 00:03:51

Health: -6/37      AC:  6    Str: 20    XL:     4   Next: 75%
Magic:  4/4        EV:  7    Int:  7    God:
Gold:   75         SH:  8    Dex: 11    Spells: 3/3 levels left

rFire    x . .     SeeInvis .   a - +0 war axe
rCold    + . .     Faith    .   c - +0 kite shield
rNeg     + + +     Spirit   .   b - +0 scale mail
rPois    ∞         Reflect  .   (no helmet)
rElec    .         Harm     .   (no cloak)
rCorr    .         Rampage  .   (no gloves)
Will     .....                  (no boots)
Stlth    ..........             (no amulet)
HPRegen  0.12/turn              (no ring)
MPRegen  0.09/turn              (no ring)

@: no status effects
A: no potions, fire vulnerability, cold resistance 1, negative energy resistance
3, torment resistance, unbreathing
a: no special abilities


You were on level 1 of the Dungeon.
You visited 1 branch of the dungeon, and saw 2 of its levels.

You collected 75 gold pieces.

Inventory:

Hand Weapons
 a - a +0 war axe (weapon)
 e - a +0 whip of flaming
   (You took it off a kobold on level 1 of the Dungeon)
Armour
 b - a +0 scale mail (worn)
 c - a +0 kite shield (worn)
Scrolls
 d - a scroll of identify {unknown}
 h - a scroll of magic mapping {unknown}
 i - a scroll of blinking {unknown}


   Skills:
 + Level 4.0 Fighting
 * Level 3.5 Axes
 - Level 2.4 Armour
 - Level 2.4 Shields


You had 3 spell levels left.
You didn't know any spells.
Your spell library was empty.

Dungeon Overview and Level Annotations

Branches:
Dungeon (2/15)

Altars:
Gozag
Yredelemnul

Annotations:
D:1 Natasha
D:2 Sigmund


Innate Abilities, Weirdness & Mutations

You do not drink.
Your flesh is vulnerable to fire.
You are immune to poison.
Your flesh is cold resistant. (rC+)
You are immune to negative energy. (rN+++)
You are immune to unholy pain and torment.
You can survive without breathing.


Message History

Warning x2: Natasha can cast Slow, Call Imp, and go Invisible!
Sigmund can cast Slow, Confuse, and go Invisible Unknown command.
Warning x2: Natasha can cast Slow, Call Imp, and go Invisible!
Sigmund can cast Slow, Confuse, and go Invisible Unknown command.
Warning x2: Natasha can cast Slow, Call Imp, and go Invisible!
Sigmund can cast Slow, Confuse, and go Invisible Warning x2: Natasha can cast Slow, Call Imp, and go Invisible!
Sigmund can cast Slow, Confuse, and go Invisible Sigmund points at himself and mumbles some strange words.
Sigmund flickers and vanishes!
Deactivating autopickup; reactivate with Ctrl-A.
Natasha mumbles some strange words.
Things that are here:
a +0 robe; a +0 dagger; 2 red potions Spoiler Alert: Natasha can cast Slow, Call Imp, and go Invisible!
You block Natasha's attack. Natasha claws you but does no damage.
Natasha casts a spell at you.
You feel as though you will be slow longer.
Natasha extends her claws.
There is a stone staircase leading up here.
Spoiler Alert: Natasha can cast Slow, Call Imp, and go Invisible!
Natasha barely misses you. Natasha claws you.
You climb upwards.
The crimson imp disappears in a puff of smoke!
Reactivating autopickup.
There is a stone staircase leading down here.
You take 6 damage, and have 25/37 hp.
Spoiler Alert: Natasha can cast Slow, Call Imp, and go Invisible!
You slash Natasha!
Natasha is heavily wounded.
Natasha closely misses you. You block Natasha's attack.
You hit Natasha.
Natasha is severely wounded.
You block Natasha's attack.
Natasha mumbles some strange words.
Natasha claws you.
You take 6 damage, and have 20/37 hp.
Spoiler Alert: Natasha can cast Slow, Call Imp, and go Invisible!
You closely miss Natasha.
Natasha is severely wounded.
Natasha stares at you and mumbles some strange words.
The magic dart hits you!
The crimson imp grins evilly.
You block Natasha's attack.
You take 7 damage, and have 13/37 hp.
Spoiler Alert: Natasha can cast Slow, Call Imp, and go Invisible!
You closely miss Natasha.
Natasha is severely wounded.
You hit the crimson imp. Natasha claws you but does no damage.
You block the crimson imp's attack. Natasha claws you.
* * * LOW HITPOINT WARNING * * *
The crimson imp barely misses you. Natasha claws you!
* * * LOW HITPOINT WARNING * * *
You take 9 damage, and have 4/37 hp.
MASSIVE DAMAGE!!
Spoiler Alert: Natasha can cast Slow, Call Imp, and go Invisible!
You slash Natasha!
You kill Natasha!
Natasha screams in pain as she dies!
The crimson imp disappears in a puff of smoke!
Your Fighting skill increases to level 4!
You start resting.
You feel yourself speed up.
You regained 4 hp, and now have 8/37 hp.
You start resting.
HP restored.
You regained 23 hp, and now have 31/37 hp.
You start resting.
Natasha, Servant of Life and Death comes into view.
She is carrying a wand of random effects (2).
You regained 4 hp, and now have 35/37 hp.
Spoiler Alert: Natasha (wandering) can cast Slow, Call Imp, and go Invisible!
Natasha hisses angrily.
Natasha casts a spell at you. The magic dart hits you!
You see here a +0 dagger.
You take 7 damage, and have 28/37 hp.
Spoiler Alert: Natasha can cast Slow, Call Imp, and go Invisible!
Natasha claws you!
You take 7 damage, and have 21/37 hp.
You closely miss Natasha.
Natasha howls an incantation.
Natasha's front paws start to glow.
Natasha claws you. You block Natasha's attack.
You take 3 damage, and have 18/37 hp.
Spoiler Alert: Natasha can cast Slow, Call Imp, and go Invisible!
You hit Natasha.
Natasha is lightly wounded.
Natasha claws you. You block Natasha's attack.
You take 5 damage, and have 13/37 hp.
You barely miss Natasha.
Natasha is lightly wounded.
Natasha stares at you and mumbles some strange words.
The magic dart hits you.
* * * LOW HITPOINT WARNING * * *
You take 4 damage, and have 9/37 hp.
Spoiler Alert: Natasha can cast Slow, Call Imp, and go Invisible!
You hit Natasha.
Natasha is moderately wounded.
Natasha claws you!
* * * LOW HITPOINT WARNING * * *
Natasha claws you!
You die...

.# ##.#.# #.# #.####..# ##.#
.###....#####.# #.##....# #..
.##.#......##.# #.##.##.# #.#
####.#........# #.##.##.# ##'# #
##.###...### #.##.##.# ##... ##
####.....## #.......# ##.... .##
##.......#######.######.....
..####.........##.........#......
..'...........>)@.........'......
..####.........##h.#...##.#......
.## ##.......###..##.###.##.....
## ##.....## #..######.###.... #
##...## #.........# ##... ##.##
##.############+# #.# #.#
#.!.....#.# #.# #.# #.......#.#
##########.# #.####.......#.#


You could see Natasha.

Vanquished Creatures
  Jessica (D:2)
  Natasha (twice) (D:2 D:1)
  An adder (D:2)
  An ooze (D:1)
  2 dart slugs (D:1)
  A leopard gecko (D:2)
  A giant cockroach (D:1)
  3 goblins (D:1)
  2 hobgoblins (D:1)
  6 kobolds
  2 quokkas
  3 bats (D:1)
  A frilled lizard (D:1)
  3 rats (D:2)
29 creatures vanquished.

Notes
Turn   | Place    | Note
-------+----------+-------------------------------------------
     0 | D:1      | Mgcat the Mummy Fighter began the quest for the Orb.
     0 | D:1      | Reached XP level 1. HP: 18/18 MP: 1/1
   232 | D:1      | Reached skill level 2 in Axes
   307 | D:1      | Reached XP level 2. HP: 24/24 MP: 2/2
   924 | D:2      | Noticed Jessica
   931 | D:1      | HP: 6/24 [quokka (3)]
   936 | D:1      | HP: 2/24 [quokka (2)]
  1014 | D:1      | HP: 6/24 [quokka (3)]
  1022 | D:1      | HP: 3/24 [quokka (3)]
  1027 | D:1      | HP: 2/24 [quokka (2)]
  1064 | D:1      | HP: 1/24 [kobold/+0 short sword (4)]
  1323 | D:2      | Reached XP level 3. HP: 19/29 MP: 3/3
  1458 | D:2      | Killed Jessica
  1466 | D:2      | Found a basalt altar of Yredelemnul.
  1499 | D:2      | Reached skill level 3 in Axes
  1552 | D:2      | Reached XP level 4. HP: 27/37 MP: 4/4
  1590 | D:2      | Noticed Natasha
  1698 | D:2      | HP: 3/37 [Natasha (8)]
  1702 | D:2      | Killed Natasha
  1760 | D:2      | Noticed Natasha
  2033 | D:2      | Found an opulent altar of Gozag.
  2078 | D:2      | Noticed Sigmund
  2113 | D:1      | HP: 4/37 [Natasha (7)]
  2114 | D:1      | Killed Natasha
  2115 | D:1      | Reached skill level 4 in Fighting
  2362 | D:1      | Noticed Natasha
  2367 | D:1      | HP: 9/37 [Natasha/magic dart (4)]
  2368 | D:1      | HP: 2/37 [Natasha (7)]
  2368 | D:1      | Mangled by Natasha

Illustrated notes

Levels and vault maps discovered:
D:1:      dpeg_arrival_rooms_with_view, layout_loops_corners
D:2:      layout_loops_ring, lemuel_crystal_altar, grunt_gozag_breadcrumbs,
          chequers_temple_overflow_minitemple, uniq_terence, uniq_sigmund,
          uniq_natasha, uniq_jessica

Skill      XL: |  1  2  3  4 |
---------------+-------------+-----
Axes           | 2 3 |  3.5
Fighting       | 4 |  4.0
Armour         | |  2.4
Shields        | |  2.4

Action                   |  1- 3 |  4- 6 || total
-------------------------+-------+-------++-------
Melee: War axe           |    45 |    30 ||    75
       Whip              |    48 |       ||    48
Armor: Scale mail        |    55 |     9 ||    64
Dodge: Dodged            |    26 |    10 ||    36
Block: Kite shield       |    57 |    13 ||    70

Table legend: (Time is in decaauts)
 A = Elapsed time spent in this place.
 B = Non-inter-level travel time spent in this place.
 C = Inter-level travel time spent in this place.
 D = Time resting spent in this place.
 E = Time spent auto-exploring this place.
 F = Levels seen in this place.
 G = Mean time per level.
                   A        B        C        D        E       F      G
               +--------+--------+--------+--------+--------+-----+--------+
         Total |   2450 |   2397 |     53 |    719 |   1161 |   2 | 1225.0 |
       Dungeon |   2450 |   2397 |     53 |    719 |   1161 |   2 | 1225.0 |
               +--------+--------+--------+--------+--------+-----+--------+

Top non-repeatable levels by time:
     D:1: 1935 daAuts
     D:2: 514 daAuts

Table legend:
 A = Kills in this place as a percentage of kills in entire the game.
 B = Kills by you in this place as a percentage of kills by you in the entire game.
 C = Kills by friends in this place as a percentage of kills by friends in the entire game.
 D = Other kills in this place as a percentage of other kills in the entire game.
 E = Experience gained in this place as a percentage of experience gained in the entire game.
 F = Experience gained in this place divided by the number of levels of this place that you have seen.
                   A       B       C       D       E      F
               +-------+-------+-------+-------+-------+----------------------
         Total | 100.0 | 100.0 |   N/A |   N/A | 100.0 |  86.0
       Dungeon | 100.0 | 100.0 |   N/A |   N/A | 100.0 |  86.0
               +-------+-------+-------+-------+-------+----------------------
